 Dungeon Crawl Stone Soup version 0.31-a0-152-g6aa68a64a1 (webtiles) character file.

Game seed: 2153062279257793661

1812 rz the Frost Mage (level 8, 0/85 HPs)
             Began as a White Draconian Ice Elementalist on June 10, 2023.
             Was an Initiate of Vehumet.
             Slain by a water moccasin (6 damage)
             ... on level 7 of the Dungeon.
             The game lasted 00:10:51 (8002 turns).

rz the Frost Mage (DrIE)                            Turns: 8002, Time: 00:10:51

Health: 0/85       AC:  4    Str: 14    XL:     8   Next: 84%
Magic:  14/17      EV: 12    Int: 18    God:    Vehumet [......]
Gold:   412        SH:  0    Dex: 11    Spells: 3/19 levels left

rFire   + + .        n - +1 hand axe of the Badger {venom, rF+ rCorr Str+3}
rCold   + + +        (no shield)
rNeg    + . .        (body armour unavailable)
rPois   +            h - -2 hat of the Alchemist {rElec rPois rF+ rC+ rN+ Will+ rMut rCorr}
rElec   +            (no cloak)
rCorr   +            (no gloves)
SInv    .            (no boots)
Will    +....        (no amulet) Stlth
                     m - ring of flight
HPRegen 0.34/turn    x - ring of protection from cold
MPRegen 0.15/turn

%: resist mutation
@: berserking, lethally poisoned (0 -> -6), freezing walls, flying, very quick
A: breathe frost, AC +6, unfitting armour, cold resistance 1, cold-blooded
a: Breathe Frost, Renounce Religion


You were on level 7 of the Dungeon.
You worshipped Vehumet.
Vehumet was noncommittal.
You visited 2 branches of the dungeon, and saw 8 of its levels.

You collected 412 gold pieces.

Inventory:

Hand Weapons
 d - a +0 dagger
 n - the +1 hand axe of the Badger (weapon) {venom, rF+ rCorr Str+3}
   (You found it on level 3 of the Dungeon)

   Str:       It affects your strength (+3).
   rF:        It protects you from fire.
   rCorr:     It protects you from acid and corrosion.
Missiles
 o - a throwing net
Armour
 h - the -2 hat of the Alchemist (worn) {rElec rPois rF+ rC+ rN+ Will+ rMut rCorr}
   (You found it on level 2 of the Dungeon)

   rF:        It protects you from fire.
   rC:        It protects you from cold.
   rElec:     It insulates you from electricity.
   rPois:     It protects you from poison.
   rN:        It protects you from negative energy.
   rCorr:     It protects you from acid and corrosion.
   rMut:      It protects you from mutation.
   Will:      It increases your willpower.
 D - a +0 cloak
Jewellery
 m - a ring of flight (left hand)
 x - a ring of protection from cold (right hand)
 C - an amulet of guardian spirit
Wands
 y - a wand of paralysis (14)
 B - a wand of digging (8)
Scrolls
 b - a scroll of silence {unknown}
 c - a scroll of magic mapping {unknown}
 e - 3 scrolls of immolation {unknown}
 f - 7 scrolls of teleportation {unknown}
 i - 8 scrolls of identify {unknown}
 q - a scroll of vulnerability {unknown}
 r - 2 scrolls of poison {unknown}
 w - a scroll of amnesia {unknown}
 A - a scroll of blinking {unknown}
Potions
 a - a potion of magic
 g - a potion of lignification
 j - 2 potions of mutation {unknown}
 k - a potion of heal wounds {unknown}
 l - a potion of resistance {unknown}
 p - a potion of curing {unknown}
 s - a potion of degeneration {unknown}
 t - a potion of haste {unknown}
 u - 2 potions of berserk rage
 v - 2 potions of enlightenment {unknown}
 z - a potion of invisibility {unknown}


   Skills:
 - Level 2.0 Dodging
 - Level 2.0 Stealth
 + Level 6.4 Spellcasting
 + Level 4.0 Summonings
 * Level 10.8 Ice Magic


You had 3 spell levels left.
You knew the following spells:

 Your Spells              Type           Power      Damage    Failure   Level
a - Freeze                Ice            100%       1d10      1%          1
b - Frozen Ramparts       Ice            88%        1d14      1%          3
c - Ozocubu's Armour      Ice            44%        N/A       1%          3
d - Summon Ice Beast      Ice/Summ       32%        N/A       5%          4
e - Borgnjor's Vile Clut  Necr/Erth      2%         N/A       97%         5

Your spell library contained the following spells:

 Spells                   Type           Power      Damage    Failure   Level
 Summon Small Mammal      Summ           80%        N/A       2%          1
 Apportation              Tloc           10%        N/A       12%         1
 Necrotise                Necr           20%        1d5       12%         1
 Lesser Beckoning         Tloc           10%        N/A       17%         2
 Gell's Gravitas          Tloc           5%         N/A       34%         3
 Teleport Other           Tloc           5%         N/A       34%         3
 Alistair's Intoxication  Tmut/Pois      3%         N/A       97%         5
 Eringya's Noxious Bog    Tmut/Pois      2%         N/A       100%        6


Dungeon Overview and Level Annotations

Branches:
Dungeon (7/15)             Temple (1/1) D:7

Altars:
Ashenzari
Dithmenos
Elyvilon
Fedhas
Gozag
Hepliaklqana
Kikubaaqudgha
Nemelex Xobeh
Qazlal
Ru
Trog
Uskayaw
Vehumet
Xom
Yredelemnul
Zin

Annotations:
D:5 1 runed translucent door


Innate Abilities, Weirdness & Mutations

You can breathe waves of freezing cold which knock back foes.
Your icy white scales are hard. (AC +6)
You cannot fit into any form of body armour.
Your flesh is cold resistant. (rC+)
You are cold-blooded and may be slowed by cold attacks.


Message History

The water moccasin bites you but does no damage.
The orc priest invokes the aid of Beogh against you.
Beogh smites you! The water moccasin closely misses you.
You closely miss the orc priest.
The orc priest is severely wounded.
You completely miss the water moccasin.
You kill the orc priest!
Vehumet accepts your kill. The water moccasin bites you. The orc misses you.
You barely miss the orc. You hit the water moccasin.
The water moccasin bites you. The water moccasin closely misses you.
The orc misses you.
Casting: Frozen Ramparts (safe; 1% risk of failure)
Confirm with . or Enter, or press ? or * to list all spells.
Casting: Frozen Ramparts (safe; 1% risk of failure)
Press: ? - help, Dir - look around, f - activate The walls around you are covered in ice.
The wall freezes the water moccasin.
The water moccasin seems to slow down.
The water moccasin bites you.
* * * LOW HITPOINT WARNING * * *
The wall freezes the orc!
You kill the orc!
Vehumet accepts your kill.
The wall freezes the water moccasin.
The water moccasin seems to slow down.
The water moccasin bites you.
* * * LOW HITPOINT WARNING * * *
You barely miss the water moccasin.
The water moccasin is moderately wounded.
The wall freezes the water moccasin.
The water moccasin seems to slow down.
The water moccasin bites you!
* * * LOW HITPOINT WARNING * * *
You are lethally poisoned!
The water moccasin poisons you!
It was a potion of berserk rage.
A red film seems to cover your vision as you go berserk!
You feel yourself moving faster!
You feel mighty!
* * * LOW HITPOINT WARNING * * *
You feel very sick.
The wall freezes the water moccasin!
The water moccasin bites you.
You die...

.... #... o... #..# #..
#..# #..# #..# # #...
#..#.# ##... #..#.#
##...# #####.)S.###..
#..... #.....@)......
#.....
#.######.#########.....
#.# #.# #........ #.#
####.# #.##..... #.#
#....# #.##..... #.#
#.##.# #.##..... #.#
#.##.# ####.####.##
#.###.##.###....####.#
#....................#


You could see a water moccasin (slow).

Vanquished Creatures
  The ghost of Edyrem the Trooper, a novice VSFi (D:5)
  3 black bears
  2 sky beasts (D:7)
  2 ogres (D:5)
  A phantom (D:5)
  A bullfrog (D:6)
  A scorpion (D:5)
  A howler monkey (D:6)
  4 crimson imps (D:6)
  2 hounds
  2 jellies
  4 orc priests
  2 iguanas
  A sleepcap (D:5)
  11 adders
  8 gnolls
  A white imp (D:7)
  An ufetubus (D:5)
  A worm (D:3)
  4 dart slugs
  10 orcs
  12 ball pythons
  6 endoplasms
  3 giant cockroaches
  4 goblins
  6 hobgoblins
  4 kobolds
  5 quokkas
  7 bats
  A frilled lizard (D:3)
  7 rats
118 creatures vanquished.

Vanquished Creatures (others)
  A scorpion (D:5)
1 creature vanquished.

Grand Total: 119 creatures vanquished

Notes
Turn   | Place    | Note
-------+----------+-------------------------------------------
     0 | D:1      | rz the Draconian Ice Elementalist began the quest for the
                  | Orb.
     0 | D:1      | Reached XP level 1. HP: 14/14 MP: 3/3
   243 | D:1      | Reached XP level 2. HP: 6/20 MP: 0/5
   892 | D:1      | Reached XP level 3. HP: 20/26 MP: 4/6
  1341 | D:2      | Found the -2 hat of the Alchemist {rElec rPois rF+ rC+ rN+
                  | Will+ rMut rCorr}
  1744 | D:2      | You fall into a shaft and drop 1 floor!
  1789 | D:3      | Found a hide-covered altar of Uskayaw.
  1875 | D:3      | Reached XP level 4. HP: 32/33 MP: 5/8
  1968 | D:3      | Reached skill level 5 in Ice Magic
  2017 | D:3      | Learned a level 3 spell: Frozen Ramparts
  2021 | D:3      | Learned a level 3 spell: Ozocubu's Armour
  2073 | D:3      | Identified the +1 hand axe of the Badger {venom, rF+ rCorr
                  | Str+3}
  3417 | D:4      | Found a sacrificial altar of Ru.
  3674 | D:4      | Reached XP level 5. HP: 30/38 MP: 6/10
  3896 | D:4      | Found a glowing silver altar of Zin.
  4013 | D:5      | Entered Level 5 of the Dungeon
  4116 | D:5      | Found a runed translucent door.
  4122 | D:5      | Noticed an ogre
  4131 | D:5      | Killed an ogre
  4132 | D:5      | Reached XP level 6. HP: 8/45 MP: 5/12
  4410 | D:5      | Reached skill level 6 in Ice Magic
  5207 | D:5      | Found a runed translucent door.
  5208 | D:5      | Noticed Edyrem's ghost (novice VSFi)
  5265 | D:5      | Found a white marble altar of Elyvilon.
  5435 | D:5      | Reached skill level 5 in Spellcasting
  5435 | D:5      | Your scales start taking on an icy white colour.
  5435 | D:5      | Reached skill level 7 in Ice Magic
  5435 | D:5      | Reached XP level 7. HP: 15/50 MP: 8/14
  5435 | D:5      | Gained mutation: Your flesh is cold resistant. (rC+) [White
                  | Draconian growth]
  5562 | D:5      | Learned a level 4 spell: Summon Ice Beast
  5577 | D:5      | Reached skill level 8 in Ice Magic
  5696 | D:5      | Reached skill level 1 in Summonings
  6359 | D:5      | Killed Edyrem's ghost
  6360 | D:5      | Reached skill level 9 in Ice Magic
  6360 | D:5      | Reached XP level 8. HP: 45/57 MP: 6/16
  6518 | D:6      | Found a blossoming altar of Fedhas.
  6836 | D:6      | Found a shimmering altar of Xom.
  6984 | D:6      | Learned a level 5 spell: Borgnjor's Vile Clutch
  7221 | D:6      | Reached skill level 10 in Ice Magic
  7792 | D:7      | Found a staircase to the Ecumenical Temple.
  7824 | Temple   | Entered the Ecumenical Temple
  7880 | Temple   | Became a worshipper of Vehumet
  8002 | D:7      | Slain by a water moccasin

Illustrated notes

Levels and vault maps discovered:
D:1:      minmay_arrival_hallway, layout_basic, minmay_vboxes
D:2:      layout_basic, corexii_item_surrounded_by_moat, minmay_3d_cube
D:3:      layout_loops_cross, eat_drink_and_be_merry_uskayaw,
          hangedman_decor_growths
D:4:      layout_loops_corners, marbit_many_paths, mainiacjoe_overflow_24_doors,
          kennysheep_cluttered_room, st_stairs_6
D:5:      layout_basic, mainiacjoe_overflow_brackets, ebering_ghost_sewer_f,
          nicolae_hexahallways, st_stairs_5, lemuel_flame_loot_1
D:6:      layout_gridville, led_xom_imps, fedhas_altar_2
D:7:      layout_loops_ring, minmay_temple_entry_water_ring, serial_shops,
          nicolae_shop_gibbet_a_chance, enter_bailey_2
Temple:   eino_wide_crystal_templ

Skill      XL: |  1  2  3  4  5  6  7  8 |
---------------+-------------------------+-----
Stealth        | 2 |  2.0
Dodging        | 2 |  2.0
Spellcasting   | 3 4 5 6 |  6.4
Ice Magic      | 5 7 9 10 | 10.8
Summonings     | 2 4 |  4.0

Action                     |  1- 3 |  4- 6 |  7- 9 || total
---------------------------+-------+-------+-------++-------
  Melee: Unarmed           |    30 |       |       ||    30
         Tailslap          |     9 |    16 |    12 ||    37
         Dagger            |    51 |    14 |       ||    65
         Punch             |     1 |       |       ||     1
         Hand axe          |       |    68 |   129 ||   197
   Cast: Freeze            |    63 |    15 |       ||    78
         Frozen Ramparts   |       |     6 |    16 ||    22
         Ozocubu's Armour  |       |     2 |     5 ||     7
    Use: Potion            |       |     1 |     1 ||     2
   Stab: Sleeping          |       |     5 |     2 ||     7
 Armour: Skin              |    49 |    12 |    37 ||    98
  Dodge: Dodged            |    93 |    50 |   101 ||   244

Table legend: (Time is in decaauts)
 A = Elapsed time spent in this place.
 B = Non-inter-level travel time spent in this place.
 C = Inter-level travel time spent in this place.
 D = Time resting spent in this place.
 E = Time spent auto-exploring this place.
 F = Levels seen in this place.
 G = Mean time per level.
                   A        B        C        D        E       F      G
               +--------+--------+--------+--------+--------+-----+--------+
         Total |   8059 |   7850 |    209 |   1579 |   5191 |   8 | 1007.4 |
       Dungeon |   7995 |   7806 |    189 |   1579 |   5157 |   7 | 1142.1 |
        Temple |     63 |     43 |     20 |      0 |     34 |   1 |   63.0 |
               +--------+--------+--------+--------+--------+-----+--------+

Top non-repeatable levels by time:
     D:5: 2452 daAuts
     D:6: 1240 daAuts
     D:1: 1149 daAuts
     D:2: 1083 daAuts
     D:4: 989 daAuts
     D:3: 800 daAuts
     D:7: 280 daAuts
  Temple: 63 daAuts
